 Dungeon Crawl Stone Soup version 0.23.2-1-ga50397a (webtiles) character file.

Game seed: 15099715620876724748

4477 troglodite the Protected (level 10, -7/79 HPs)
             Began as a Demonspawn Berserker on May 2, 2019.
             Was an Elder of Trog.
             Mangled by an eight-headed hydra (9 damage)
             ... on level 11 of the Dungeon on May 3, 2019.
             The game lasted 00:23:20 (6904 turns).

troglodite the Protected (Demonspawn Berserker)     Turns: 6904, Time: 00:23:21

Health: -7/79      AC: 22    Str: 19    XL:     10   Next: 15%
Magic:  10/10      EV: 10    Int:  4    God:    Trog [****..]
Gold:   486        SH:  0    Dex: 15    Spells: 9/9 levels left

rFire    + + .     SeeInvis +   D - +7 whip "Utsabug" {slash, rC+ rN++ Int-4 SInv}
rCold    + + .     Gourm    .   (no shield)
rNeg     + + .     Faith    .   x - +3 chain mail {rC+}
rPois    .         Spirit   .   l - +0 helmet
rElec    .         Reflect  .   e - +0 cloak
rCorr    .         Harm     .   E - +0 pair of gloves
MR       .....                  (no boots)
Stlth    ..........             (no amulet)
HPRegen  0.23/turn              (no ring)
MPRegen  0.12/turn              (no ring)

@: no status effects
A: talons 2, molten scales 3, fire resistance 1
a: Berserk, Trog's Hand, Brothers in Arms, Renounce Religion


You were on level 11 of the Dungeon.
You worshipped Trog.
Trog was greatly pleased with you.
You were not hungry.

You visited 1 branch of the dungeon, and saw 9 of its levels.

You collected 506 gold pieces.
You spent 20 gold pieces at shops.

Inventory:

Hand Weapons
 a - a +0 falchion
 B - a +7 war axe
 D - the +7 whip "Utsabug" (weapon) {slash, rC+ rN++ Int-4 SInv}
   (You took it off an orc on level 5 of the Dungeon)

   It inflicts extra damage upon your enemies.
   It affects your intelligence (-4).
   It protects you from cold.
   It greatly protects you from negative energy.
   It lets you see invisible.
Missiles
 g - 49 sling bullets
 h - 215 stones (quivered)
Armour
 e - a +0 cloak (worn)
 l - a +0 helmet (worn)
 o - a scarf of cloud immunity
 s - a +2 scale mail of poison resistance
 x - a +3 chain mail of cold resistance (worn)
 E - a +0 pair of gloves (worn)
Jewellery
 f - an uncursed ring of ice
 J - a +5 ring of strength {unknown}
Wands
 j - a wand of random effects (45)
 q - a wand of digging (4)
 F - a wand of acid (8)
Scrolls
 d - 6 scrolls of remove curse
 k - 2 scrolls of enchant armour {unknown}
 m - 3 scrolls of magic mapping
 n - 2 scrolls of teleportation {unknown}
 r - 2 scrolls of blinking {unknown}
 v - 3 scrolls of enchant weapon {unknown}
 y - 3 scrolls of amnesia
 A - 2 scrolls of identify
 H - 2 scrolls of fear {unknown}
Potions
 b - a potion of agility
 i - a potion of resistance
 p - a potion of mutation
 t - 2 potions of brilliance
 u - 4 potions of lignification
 w - a potion of ambrosia
 z - a potion of magic {unknown}
 G - 2 potions of curing {unknown}
 I - a potion of heal wounds {unknown}
Comestibles
 c - 17 rations
 C - 10 chunks of flesh


   Skills:
 * Level 7.1 Fighting
 + Level 6.2 Long Blades
 + Level 3.8 Maces & Flails
 * Level 8.7 Armour
 * Level 5.4 Dodging
 + Level 1.6 Stealth


You had 9 spell levels left.
You didn't know any spells.
Your spell library was empty.

Dungeon Overview and Level Annotations

Branches:
Dungeon (8/15)             Temple (0/1) D:7             Orc (0/2) D:11
   Lair: D:8-11

Altars:
Ashenzari
Dithmenos
Elyvilon
Gozag
Makhleb
Okawaru
Trog
Uskayaw
Vehumet
The Shining One
Beogh

Shops:
D:5 ?

Annotations:
D:3 1 runed translucent door


Innate Abilities, Weirdness & Mutations

You have razor-sharp toenails.
You are completely covered in molten scales. (AC +4, rF+)
Your flesh is heat resistant. (rF+)


Message History

The eight-headed hydra bites you but does no damage. x2
The eight-headed hydra barely misses you.
The eight-headed hydra bites you!
* * * LOW HITPOINT WARNING * * *
The eight-headed hydra bites you!
* * * LOW HITPOINT WARNING * * *
The eight-headed hydra barely misses you.
The eight-headed hydra closely misses you.
The eight-headed hydra bites you but does no damage.
As you read the scroll labeled POTRIX ZUOFE, it crumbles to dust.
It is a scroll of amnesia.
You feel forgetful for a moment.
The eight-headed hydra bites you but does no damage. x2
The eight-headed hydra closely misses you.
The eight-headed hydra bites you!
* * * LOW HITPOINT WARNING * * *
The eight-headed hydra barely misses you.
The eight-headed hydra bites you but does no damage. x2
The eight-headed hydra bites you!
You die...

,,,,,,,,,** #.≈♣♣♣≈.≈♣♣♣≈.≈♣♣♣
,,,,,,,,,,* #≈≈≈≈≈≈≈≈≈≈≈≈.≈≈≈≈
,,,,,,,,,** #≈≈≈≈.÷≈≈.≈≈≈≈≈..≈
,,,,,,,,,#** #≈≈≈≈≈≈.≈≈≈≈≈≈≈≈≈≈
,,,,,,,,,..** #≈≈♣♣♣≈.≈♣♣♣≈≈≈♣♣♣
*,,***,,,#..#**#≈≈♣ ♣≈≈≈♣ ♣≈.≈♣ ♣
*,,***,,,.....##.≈♣♣♣≈≈≈♣*♣≈≈≈♣*♣
**,**,,,,..$....≈≈≈≈≈≈.≈≈≈≈≈≈≈≈≈≈
,,,,*,*,,.....#W@≈≈≈≈...≈.≈≈..≈..
,,,,,,,,,....,##D≈≈≈≈≈.≈≈≈≈≈≈≈≈≈≈
,,,,,,**,...,,,..≈♣♣♣≈.≈***≈≈≈***
**,,,***,..,,,<..≈♣ *≈≈≈* *≈,≈* *
**<*** **#,*,...≈≈♣**≈≈≈***≈,≈***
,,,,******,,..<>≈≈≈≈≈≈,≈≈≈≈≈≈≈≈≈≈
,,,,,,,,,,,......≈≈≈,,≈,,≈,≈,≈≈≈≈
,,,,,,,,,,..........,,****,,,,,,,
,,,,,,,,,,,,,,,*,,,,,,,,,,,,,,,,,


You could see an eight-headed hydra and a phantom.

Vanquished Creatures
  A two-headed ogre (D:8)
  The ghost of Paps the Cudgeler, a novice TrFi of Gozag (D:5)
  Pikel (D:5)
  A hippogriff (D:7)
  Eustachio (D:4)
  A hungry ghost (D:7)
  A wraith (D:11)
  Edmund (D:4)
  Duvessa (D:6)
  An orc warrior (D:5)
  A phantom (D:7)
  A sky beast (D:6)
  A black bear (D:6)
  The ghost of dhn the Covered, an amateur MiFi (D:3)
  A centaur (D:7)
  3 ogres
  4 bullfrogs
  Blork the orc (D:4)
  2 scorpions (D:5)
  Dowan (D:6)
  4 killer bees (D:8)
  An electric eel (D:11)
  A crimson imp (D:7)
  2 hounds
  2 orc wizards
  A quasit (D:7)
  2 orc priests
  A centaur skeleton (D:4)
  Crazy Yiuf (D:5)
  2 bullfrog skeletons (D:3)
  Ijyb (D:4)
  An iguana (D:7)
  Terence (D:3)
  3 worker ants
  2 hound skeletons
  4 gnolls
  A howler monkey skeleton (D:5)
  2 worker ant zombies
  12 adders
  A shadow imp (D:8)
  2 worms
  3 dart slugs (D:1)
  3 leopard geckos
  12 orcs
  A ball python (D:4)
  4 giant cockroaches
  2 goblins (D:1)
  9 hobgoblins
  19 jackals
  3 quokkas
  8 bats
  3 frilled lizards
  A giant cockroach zombie (D:5)
  13 kobolds
  A leopard gecko zombie (D:7)
  A quokka skeleton (D:4)
  6 rats
162 creatures vanquished.

Vanquished Creatures (collateral kills)
  An orc priest (D:5)
  7 orcs (D:5)
8 creatures vanquished.

Vanquished Creatures (others)
  An orc (D:7)
  2 jackals (D:5)
3 creatures vanquished.

Grand Total: 173 creatures vanquished

Notes
Turn   | Place    | Note
-------+----------+-------------------------------------------
     0 | D:1      | troglodite the Demonspawn Berserker began the quest for the
                  | Orb.
     0 | D:1      | Reached XP level 1. HP: 18/18 MP: 1/1
   136 | D:1      | Gained mutation: You have sharp toenails. [demonic
                  | ancestry]
   136 | D:1      | Reached XP level 2. HP: 24/24 MP: 2/2
   331 | D:1      | Reached skill level 2 in Armour
   338 | D:1      | Gained mutation: You are partially covered in molten
                  | scales. (AC +2) [demonic ancestry]
   338 | D:1      | Reached XP level 3. HP: 18/29 MP: 3/3
   568 | D:1      | Reached ** piety under Trog
  1015 | D:2      | Reached XP level 4. HP: 36/37 MP: 4/4
  1023 | D:2      | Found a burning altar of Makhleb.
  1325 | D:2      | Reached skill level 3 in Armour
  1655 | D:2      | Gained mutation: You are mostly covered in molten scales.
                  | (AC +3) [demonic ancestry]
  1655 | D:2      | Reached XP level 5. HP: 33/42 MP: 5/5
  2223 | D:3      | Found a faded altar of an unknown god.
  2425 | D:3      | Noticed Terence
  2431 | D:3      | Killed Terence
  2455 | D:3      | Found a glowing golden altar of the Shining One.
  2458 | D:3      | Found a runed translucent door.
  2458 | D:3      | Noticed an angel
  2880 | D:3      | Found a runed translucent gate.
  2881 | D:3      | Found a runed translucent gate.
  2881 | D:3      | Found a runed translucent gate.
  2883 | D:3      | Noticed dhn's ghost (amateur MiFi)
  2899 | D:3      | Killed dhn's ghost
  2899 | D:3      | Reached *** piety under Trog
  2899 | D:3      | Reached skill level 4 in Armour
  2899 | D:3      | Gained mutation: Your flesh is heat resistant. (rF+)
                  | [demonic ancestry]
  2899 | D:3      | Reached XP level 6. HP: 48/48 MP: 6/6
  3034 | D:4      | Noticed Ijyb
  3051 | D:4      | Killed Ijyb
  3199 | D:4      | Gained mutation: You have razor-sharp toenails. [demonic
                  | ancestry]
  3199 | D:4      | Reached XP level 7. HP: 34/55 MP: 7/7
  3347 | D:4      | Reached skill level 5 in Armour
  3399 | D:4      | Noticed Eustachio
  3412 | D:4      | Killed Eustachio
  3509 | D:4      | Noticed Edmund
  3525 | D:4      | Killed Edmund
  3525 | D:4      | Reached skill level 5 in Fighting
  3689 | D:4      | Noticed Blork the orc
  3695 | D:4      | Killed Blork the orc
  3839 | D:4      | Found a shattered altar of Ashenzari.
  3944 | D:5      | Entered Level 5 of the Dungeon
  4047 | D:5      | Found a runed translucent door.
  4048 | D:5      | Noticed Crazy Yiuf
  4093 | D:5      | Noticed Pikel
  4102 | D:5      | Killed Pikel
  4102 | D:5      | Reached skill level 5 in Long Blades
  4102 | D:5      | Reached skill level 6 in Armour
  4102 | D:5      | Reached XP level 8. HP: 62/62 MP: 8/8
  4153 | D:5      | Found Nyjax's Magic Scroll Shoppe.
  4168 | D:5      | Bought a scroll of identify for 20 gold pieces
  4312 | D:5      | Killed Crazy Yiuf
  4397 | D:5      | Found a runed translucent gate.
  4397 | D:5      | Found a runed translucent gate.
  4397 | D:5      | Noticed Paps's ghost (novice TrFi)
  4398 | D:5      | Found a runed translucent gate.
  4414 | D:5      | Identified the +7 whip "Utsabug" {slash, rC+ rN++ Int-4
                  | SInv}
  4416 | D:5      | Found a roughly hewn altar of Beogh.
  4702 | D:5      | Reached **** piety under Trog
  5000 | D:5      | Killed Paps's ghost
  5000 | D:5      | Reached skill level 7 in Armour
  5000 | D:5      | Reached skill level 1 in Stealth
  5004 | D:5      | Gained mutation: You are completely covered in molten
                  | scales. (AC +4, rF+) [demonic ancestry]
  5004 | D:5      | Reached XP level 9. HP: 68/68 MP: 9/9
  5160 | D:6      | Got a shimmering scale mail
  5177 | D:6      | Found a bloodstained altar of Trog.
  5209 | D:6      | Identified the cursed +0 scale mail "Gaeloyr" {Str+2} (You
                  | found it on level 6 of the Dungeon)
  5231 | D:6      | Found an iron altar of Okawaru.
  5346 | D:6      | Found a hide-covered altar of Uskayaw.
  5346 | D:6      | Found an opulent altar of Gozag.
  5354 | D:6      | Found a white marble altar of Elyvilon.
  5357 | D:6      | Found a faded altar of an unknown god.
  5359 | D:6      | Found a shadowy altar of Dithmenos.
  5416 | D:6      | Noticed Duvessa
  5416 | D:6      | Noticed Dowan
  5429 | D:6      | Killed Dowan
  5433 | D:6      | Killed Duvessa
  5699 | D:7      | Found a staircase to the Ecumenical Temple.
  5785 | D:7      | Found a radiant altar of Vehumet.
  5831 | D:7      | Reached skill level 8 in Armour
  5942 | D:7      | Reached skill level 1 in Maces & Flails
  6000 | D:7      | Reached skill level 5 in Dodging
  6802 | D:8      | Noticed a two-headed ogre
  6811 | D:8      | Killed a two-headed ogre
  6811 | D:8      | Reached XP level 10. HP: 77/79 MP: 10/10
  6847 | D:8      | You fall through a shaft for 3 floors!
  6899 | D:11     | Noticed an eight-headed hydra
  6904 | D:11     | HP: 2/79 [eight-headed hydra (8)]
  6904 | D:11     | Mangled by an eight-headed hydra

Skill      XL: |  1  2  3  4  5  6  7  8  9 |
---------------+----------------------------+-----
Armour         | 2 3 4 6 7 8 |  8.7
Dodging        | 2 4 5 |  5.4
Long Blades    | 3 4 5 6 |  6.2
Fighting       | 4 5 7 |  7.1
Stealth        | 1 |  1.6
Maces & Flails | 3 |  3.8

Action                   |  1- 3 |  4- 6 |  7- 9 | 10-12 || total
-------------------------+-------+-------+-------+-------++-------
Melee: Falchion          |    67 |   186 |   110 |       ||   363
       Kick              |    23 |    59 |   100 |     2 ||   184
       Whip              |       |       |   156 |    25 ||   181
Invok: Berserk           |     1 |     4 |     6 |       ||    11
       Brothers in Arms  |       |       |     1 |       ||     1
  Use: Scroll            |       |       |     8 |     2 ||    10
  Eat: Chunk             |     2 |     5 |    17 |       ||    24
       Ration            |       |     1 |     2 |       ||     3
Armor: Ring mail         |    28 |    36 |       |       ||    64
       Animal skin       |     1 |       |       |       ||     1
       Chain mail        |       |    19 |   202 |    24 ||   245
       Scale mail        |       |    76 |    36 |       ||   112
Dodge: Dodged            |    53 |   134 |   196 |    22 ||   405
       Rpst.: Falchion   |    14 |    37 |    20 |       ||    71
